 Dungeon Crawl Stone Soup version 0.22.1-2-g9c5b331 (webtiles) character file.

2305 Malhgor the Destroyer (level 9, -12/68 HPs)
             Began as a Pale Draconian Conjurer on Dec 15, 2018.
             Was a Believer of Vehumet.
             Mangled by a two-headed ogre
             ... wielding a +0 giant club
              (27 damage)
             ... on level 8 of the Dungeon.
             The game lasted 00:43:49 (9372 turns).

Malhgor the Destroyer (Pale Draconian Conjurer)     Turns: 9372, Time: 00:43:50

Health: -12/68     AC:  8    Str: 11    XL:     9   Next: 18%
Magic:  1/18       EV: 11    Int: 18    God:    Vehumet [**....]
Gold:   360        SH:  0    Dex: 12    Spells: 10/20 levels left

rFire    . . .     SeeInvis .   H - +3 mace (protect)
rCold    . . .     Gourm    .   (no shield)
rNeg     . . .     Faith    .   (armour unavailable)
rPois    +         Spirit   .   (helmet restricted)
rElec    .         Reflect  .   (no cloak)
rCorr    .         Harm     +   (no gloves)
MR       .....                  m - +0 pair of boots
Stlth    ++........             I - amulet of harm
HPRegen  0.21/turn              (no ring)
MPRegen  0.16/turn              F - ring of poison resistance

@: drained
A: breathe steam, unfitting armour, cold-blooded, AC +7
a: Breathe Steam, Renounce Religion


You were on level 8 of the Dungeon.
You worshipped Vehumet.
Vehumet was pleased with you.
You were hungry.

You visited 2 branches of the dungeon, and saw 9 of its levels.

You collected 360 gold pieces.

Inventory:

Hand Weapons
 H - a +3 mace of protection (weapon)
Armour
 m - a +0 pair of boots (worn)
 C - a +0 shield
Jewellery
 e - an uncursed ring of resist corrosion
 g - an uncursed ring of teleportation
 p - an uncursed ring of wizardry
 y - a +3 ring of protection
 A - an uncursed ring of protection from magic
 F - a ring of poison resistance (right hand)
 I - an amulet of harm (around neck)
Wands
 s - a wand of clouds (6)
 t - a wand of polymorph (7)
Scrolls
 a - 2 scrolls of immolation
 f - a scroll of teleportation
 i - 2 scrolls of remove curse
 k - 9 scrolls of identify
 n - a scroll of fog
 q - a scroll of magic mapping
 r - a scroll of noise {unknown}
 u - 3 scrolls of enchant armour {unknown}
 v - 2 scrolls of random uselessness {unknown}
 D - a scroll of summoning {unknown}
Potions
 c - 2 potions of berserk rage {unknown}
 d - 2 potions of might {unknown}
 o - 8 potions of curing
 w - a potion of heal wounds {unknown}
 x - a potion of agility {unknown}
 z - a potion of invisibility {unknown}
 B - a potion of lignification {unknown}
 E - a potion of mutation {unknown}
Comestibles
 b - 12 rations


   Skills:
 + Level 2.3(1.6) Fighting
 - Level 1.7(1.0) Dodging
 - Level 1.7(1.0) Stealth
 + Level 6.1(5.3) Spellcasting
 * Level 8.5(7.6) Conjurations
 - Level 5.3(4.5) Fire Magic
 + Level 4.9(4.1) Evocations


You had 10 spell levels left.
You knew the following spells:

 Your Spells              Type           Power        Failure   Level  Hunger
a - Flame Tongue          Conj/Fire      ####.        1%          1    None
b - Iskenderun's Mystic   Conj           ####....     5%          4    ####...
d - Force Lance           Conj/Tloc      ###.....     26%         4    ####...
e - Magic Dart            Conj           ####         1%          1    None

Your spell library contained the following spells:

 Spells                   Type           Power        Failure   Level  Hunger
 Shock                    Conj/Air       ###.         2%          1    None
 Searing Ray              Conj           ####..       1%          2    #......
 Sting                    Conj/Pois      ###.         2%          1    None
 Dazzling Spray           Conj/Hex       ###...       8%          3    ##.....
 Mephitic Cloud           Conj/Pois/Air  ##......     14%         3    ##.....
 Poisonous Vapours        Pois/Air       #.....       19%         2    #......
 Fulminant Prism          Conj/Hex       ###.......   26%         4    ####...
 Venom Bolt               Conj/Pois      ###.......   58%         5    ######.
 Olgreb's Toxic Radiance  Pois           #.......     77%         4    ####...


Dungeon Overview and Level Annotations

Branches:
Dungeon (8/15)             Temple (1/1) D:5
   Lair: D:8-11

Altars:
Ashenzari
Dithmenos
Elyvilon
Fedhas
Gozag
Hepliaklqana
Kikubaaqudgha
Makhleb
Nemelex Xobeh
Okawaru
Qazlal
Ru
Trog
Uskayaw
Vehumet
Wu Jian
Xom
Yredelemnul
Zin
The Shining One

Annotations:
D:1 Done
D:2 Done
D:3 Done
D:4 2 transporters, TheAlmogaver's ghost, amateur GnWz
D:5 Done
D:6 Done


Innate Abilities, Weirdness & Mutations

You can breathe blasts of scalding, opaque steam.
Your pale cyan-grey scales are hard. (AC +7)
You cannot fit into any form of body armour.
You are cold-blooded and may be slowed by cold attacks.


Message History

Press: ? - help, Shift-Dir - straight line, f/p - two-headed ogre
Aim: a two-headed ogre, wielding a giant club and a dire flail (lightly The orb of energy hits the two-headed ogre.
The two-headed ogre is moderately wounded.
Casting: Iskenderun's Mystic Blast (safe; 5% risk of failure)
Confirm with . or Enter, or press ? or * to list all spells.
Aiming: Iskenderun's Mystic Blast (safe; 5% risk of failure)
Press: ? - help, Shift-Dir - straight line, f/p - two-headed ogre
Aim: a two-headed ogre, wielding a giant club and a dire flail (moderately The orb of energy hits the two-headed ogre.
The two-headed ogre is moderately wounded.
Casting: Iskenderun's Mystic Blast (safe; 5% risk of failure)
Confirm with . or Enter, or press ? or * to list all spells.
Aiming: Flame Tongue (safe; 1% risk of failure)
Press: ? - help, Shift-Dir - straight line, f/p - two-headed ogre
Aim: a two-headed ogre, wielding a giant club and a dire flail (moderately The flame tongue hits the two-headed ogre.
The two-headed ogre is heavily wounded.
The two-headed ogre hits you with a giant club!!
You die...

*,* *,* ###.#*..## *,* *,*
#..§§##§.## *,* *,* **#..§§§§§§§#
**,*****,* *.#..§§§#§§§#
,,,,,,,,,* ###.#..§§§#...###
,,,,,,,,** #...##...###.....
,<,,,,,,* #.#,,##.##.#.####
,,,,,,,,* #######)#######..#.#...
,,,,,,,,**#.....@).........#.#.##
,,,,,,,,*#......O..)...#.#.#<...#
*,,,,****....###.###.........####
,,,,,,,,,...**,#.#,##............
,,*,,,,,,.,**,*.#.*,##.........##
,,*,********,*.#,#,*,########..#
,,*,*,,,,,*,*.#,*,*,*,*,,*,,*..#
,,*,*,******.#,*,*,*,**,*,*,*[.#*
,,,,*,,,,,,.#,*,*,*,*,,,*,*,*...,


You could see a two-headed ogre.

Vanquished Creatures
  Sigmund (D:5)
  Eustachio (D:4)
  A water moccasin (D:5)
  A black bear (D:7)
  An orc warrior (D:6)
  A sky beast (D:6)
  A phantom (D:6)
  2 centaurs
  2 ogres
  A gnoll sergeant (D:6)
  7 wights
  2 crimson imps (D:5)
  A jelly (D:5)
  3 orc priests
  2 hounds
  2 bullfrog skeletons
  7 orc wizards
  A hound zombie (D:6)
  A worker ant zombie (D:6)
  3 gnolls (D:6)
  6 river rats (D:5)
  10 adders
  2 shadow imps
  2 white imps (D:8)
  An ufetubus (D:8)
  An adder skeleton (D:5)
  2 dart slugs (D:1)
  2 worms (D:3)
  5 leopard geckos
  17 orcs
  A ball python (D:4)
  7 giant cockroaches
  8 goblins
  8 hobgoblins
  8 jackals
  6 kobolds
  7 quokkas
  6 bats (D:1)
  3 frilled lizards (D:1)
  A giant cockroach zombie (D:6)
  A jackal zombie (D:5)
  A leopard gecko skeleton (D:4)
  A quokka skeleton (D:5)
  26 rats
  A spectral orc (D:5)
174 creatures vanquished.

Notes
Turn   | Place    | Note
-------+----------+-------------------------------------------
     0 | D:1      | Malhgor the Draconian Conjurer began the quest for the Orb.
     0 | D:1      | Reached XP level 1. HP: 14/14 MP: 3/3
   198 | D:1      | Reached XP level 2. HP: 20/20 MP: 1/5
   863 | D:1      | Reached XP level 3. HP: 26/26 MP: 3/6
  1577 | D:3      | Found a blossoming altar of Fedhas.
  1871 | D:2      | Reached skill level 5 in Conjurations
  2002 | D:3      | Reached XP level 4. HP: 33/33 MP: 5/8
  2058 | D:3      | Found an ornate altar of the Wu Jian Council.
  2091 | D:2      | Found a hazy altar of Hepliaklqana.
  2983 | D:2      | Found a burning altar of Makhleb.
  3239 | D:3      | Reached XP level 5. HP: 15/38 MP: 4/9
  3306 | D:3      | Found a faded altar of an unknown god.
  3540 | D:3      | Learned a level 4 spell: Iskenderun's Mystic Blast
  3780 | D:4      | Noticed Eustachio
  3797 | D:4      | Killed Eustachio
  3797 | D:4      | Reached skill level 6 in Conjurations
  3797 | D:4      | Reached XP level 6. HP: 45/45 MP: 6/11
  3818 | D:4      | Learned a level 4 spell: Fulminant Prism
  3979 | D:5      | Entered Level 5 of the Dungeon
  4146 | D:4      | Found a transporter.
  4147 | D:4      | Noticed TheAlmogaver's ghost (amateur GnWz)
  4157 | D:4      | Found a transporter.
  4363 | D:4      | HP: 1/45 [ogre/giant club (15)]
  4370 | D:4      | Reached skill level 7 in Conjurations
  4777 | D:5      | Your scales start taking on a pale cyan-grey colour.
  4777 | D:5      | Reached XP level 7. HP: 50/50 MP: 2/13
  4912 | D:5      | Found a staircase to the Ecumenical Temple.
  5017 | Temple   | Entered the Ecumenical Temple
  5164 | Temple   | Became a worshipper of Vehumet
  5467 | D:5      | Noticed Sigmund
  5484 | D:5      | Killed Sigmund
  5484 | D:5      | Reached skill level 1 in Evocations
  5758 | D:5      | Reached skill level 8 in Conjurations
  5892 | D:5      | Found a basalt altar of Yredelemnul.
  6649 | D:5      | Reached skill level 5 in Spellcasting
  6659 | D:5      | Reached XP level 8. HP: 50/57 MP: 2/15
  6756 | D:5      | Reached * piety under Vehumet
  6756 | D:5      | Offered knowledge of Flame Tongue by Vehumet.
  6762 | D:5      | Learned a level 4 spell: Force Lance
  6764 | D:5      | Learned a level 1 spell: Flame Tongue
  7080 | D:5      | Reached skill level 1 in Fire Magic
  8004 | D:6      | Found a sacrificial altar of Ru.
  8083 | D:6      | Found an iron altar of Okawaru.
  8083 | D:6      | Found a shadowy altar of Dithmenos.
  8489 | D:7      | Reached skill level 1 in Fighting
  8788 | D:7      | Reached skill level 5 in Fire Magic
  8830 | D:7      | Reached ** piety under Vehumet
  8944 | D:7      | Found a hide-covered altar of Uskayaw.
  9015 | D:7      | Reached XP level 9. HP: 54/67 MP: 10/18
  9029 | D:7      | Found a shattered altar of Ashenzari.
  9264 | D:8      | Offered knowledge of Shock by Vehumet.
  9316 | D:8      | HP: 3/67 [wight/halberd (6)]
  9368 | D:8      | Noticed a two-headed ogre
  9372 | D:8      | Mangled by a two-headed ogre

Skill      XL: |  1  2  3  4  5  6  7  8  9 |
---------------+----------------------------+-----
Conjurations   | 5 6 7 8 |  8.5
Spellcasting   | 3 4 5 6 |  6.1
Evocations     | 2 4 |  4.9
Fire Magic     | 5 |  5.3
Fighting       | 1 2 |  2.3
Dodging        | |  1.7
Stealth        | |  1.7

Action                   |  1- 3 |  4- 6 |  7- 9 || total
-------------------------+-------+-------+-------++-------
Melee: Unarmed           |    19 |     7 |       ||    26
       Tailslap          |     4 |     1 |     6 ||    11
       Short sword       |    19 |    11 |    86 ||   116
       Mace              |       |       |     3 ||     3
 Cast: Magic Dart        |    98 |   109 |   160 ||   367
       Iskenderun's Myst |       |     4 |    10 ||    14
       Flame Tongue      |       |       |   144 ||   144
       Fulminant Prism   |       |       |     1 ||     1
 Abil: Breathe Steam     |       |       |     3 ||     3
Evoke: Wand              |       |     5 |       ||     5
  Use: Scroll            |       |       |     9 ||     9
  Eat: Chunk             |     4 |     9 |    13 ||    26
       Ration            |       |       |     1 ||     1
Armor: Skin              |    31 |     9 |    78 ||   118
Dodge: Dodged            |    41 |    24 |   133 ||   198
